 Dungeon Crawl Stone Soup version 0.30.0-20-g3615ddf2f0 (webtiles) character file.

Game seed: 12144899803879907706

126 qw the Chopper (level 5, -1/32 HPs)
             Began as a Gargoyle Fighter on June 1, 2023.
             Slain by Robin
             ... wielding a +1 spear of freezing
              (3 damage)
             ... on level 2 of the Dungeon.
             The game lasted 00:00:40 (826 turns).

qw the Chopper (Gargoyle Fighter)                    Turns: 826, Time: 00:00:41

Health: -1/32      AC: 10    Str: 22    XL:     5   Next: 10%
Magic:  5/5        EV:  9    Int:  8    God:
Gold:   41         SH:  4    Dex:  9    Spells: 4/4 levels left

rFire   . . .        Y - +0 war axe
rCold   . . .        c - +0 buckler
rNeg    + . .        b - +0 scale mail
rPois   inf          (no helmet)
rElec   +            (no cloak)
rCorr   .            (no gloves)
SInv    .            (no boots)
Will    .....        e - amulet of the acrobat Stlth
                     (no ring)
HPRegen 0.25/turn    (no ring)
MPRegen 0.09/turn

%: acrobat
@: no status effects
A: sickness immunity, AC +4, negative energy resistance 1, electricity
resistance, torment resistance 1, petrification resistance
a: no special abilities


You were on level 2 of the Dungeon.
You visited 1 branch of the dungeon, and saw 2 of its levels.

You collected 41 gold pieces.


Innate Abilities, Weirdness & Mutations

You are immune to sickness and miasma.
Your stone body is resilient. (AC +4)
You are immune to poison.
You resist negative energy. (rN+)
You are resistant to electric shocks. (rElec)
You are resistant to unholy torment.
You are immune to petrification.


   Skills:
 - Level 3.2 Fighting
 + Level 4.6 Axes
 - Level 3.2 Armour
 - Level 3.2 Shields


You had 4 spell levels left.
You didn't know any spells.
Your spell library was empty.

Inventory:

Hand Weapons
 f - a +0 club
 Y - a +0 war axe (weapon)
Armour
 b - a +0 scale mail (worn)
 c - a +0 buckler (worn)
 g - a +0 chain mail
Jewellery
 e - an amulet of the acrobat (around neck)
Potions
 a - a potion of degeneration {unknown}
 d - a potion of might
 h - a potion of haste {unknown}
 i - a potion of curing {unknown}
 j - a potion of berserk rage {unknown}

Dungeon Overview and Level Annotations

Branches:
Dungeon (2/15)

Altars:

Shops:
D:1 [

Annotations:
D:2 Robin


Message History

Robin throws the goblin at you!
You slash the goblin!
You kill the goblin!
You closely miss the goblin. You closely miss the hobgoblin.
The goblin hits you but does no damage. Robin barely misses you.
The hobgoblin closely misses you. The hobgoblin barely misses you.
The goblin hits you with a +0 club. Robin hits you but does no damage.
The rat bites you but does no damage.
You closely miss the rat. You hit the goblin.
You kill the goblin!
You barely miss the hobgoblin.
Robin hits you from afar with a +1 spear of freezing.
Robin freezes you. You block the hobgoblin's attack.
The rat closely misses you.
You slash the rat!
You kill the rat!
You closely miss the hobgoblin. Robin closely misses you.
You block the hobgoblin's attack.
Robin hits you from afar with a +1 spear of freezing.
Robin freezes you. The hobgoblin barely misses you.
You barely miss the hobgoblin.
The hobgoblin no longer looks unusually strong.
Robin roars a battlecry!
The hobgoblin goes into a battle-frenzy!
The hobgoblin barely misses you.
You barely miss the hobgoblin. Robin barely misses you.
The hobgoblin hits you but does no damage.
You slash the worm!
The worm is heavily wounded.
You hit the hobgoblin. Robin hits you but does no damage.
The hobgoblin hits you but does no damage.
The worm bites you but does no damage. Robin hits you but does no damage.
The hobgoblin closely misses you.
You closely miss the hobgoblin.
The hobgoblin is severely wounded.
You hit the worm.
Robin hits you from afar with a +1 spear of freezing.
Robin freezes you.
You die...

#######'#.##.#.#####.# ..# #...
......%....#.#..## #.# #.# #...
.............##..# #.# #.# #...
.).......###..##.###.###.#####...
...................)..##.#.......
.........####.#######.##.#.######
%........# #.#######.##.#.######
.........# #..)))..%............
########## ##.)@................
#.gw)...............
#..g....#.:.......(.
#.......#.#.#+######
#.......#.... #.......####..
#.......# #.. .......$...


gg........... You could see a worm, Robin and a hobgoblin (strong).

Vanquished Creatures
  Jessica (D:2)
  Terence (D:2)
  2 adders (D:2)
  3 dart slugs
  4 endoplasms
  4 giant cockroaches
  13 goblins
  4 hobgoblins
  4 kobolds
  A quokka (D:1)
  3 ball pythons
  3 bats
  5 rats
48 creatures vanquished.

Notes
Turn   | Place    | Note
-------+----------+-------------------------------------------
     0 | D:1      | qw the Gargoyle Fighter began the quest for the Orb.
     0 | D:1      | Reached XP level 1. HP: 14/14 MP: 1/1
     0 | D:1      | 0 ||| qw: Version: 0.2-a-102-gfc559e5
     0 | D:1      | 0 ||| qw: Game counter: 627
     0 | D:1      | 0 ||| qw: Always use a shield: true
     0 | D:1      | 0 ||| qw: God list: Okawaru
     0 | D:1      | 0 ||| qw: Allow faded altars: false
     0 | D:1      | 0 ||| qw: Do Orc after D:15 true
     0 | D:1      | 0 ||| qw: Do second Lair branch before Depths: true
     0 | D:1      | 0 ||| qw: Lair rune preference: random
     0 | D:1      | 0 ||| qw: Plans: Normal, Zot:1-4, Slime:5, God:TSO, Crypt,
                  | Tomb, Pan, Hells, Abyss, Win
     0 | D:1      | 0 ||| PLANNING D:1-11
    22 | D:1      | Reached skill level 2 in Axes
    31 | D:1      | 31 ||| UPGRADING to amulet of the acrobat.
    72 | D:1      | Reached XP level 2. HP: 19/19 MP: 2/2
   100 | D:1      | 100 ||| Stepping ~*~*~tactically~*~*~ (stealth).
   149 | D:1      | 149 ||| Stepping ~*~*~tactically~*~*~ (hiding).
   291 | D:1      | Reached skill level 3 in Axes
   326 | D:1      | Found Neqaanoc's Armour Shoppe.
   337 | D:1      | 337 ||| SHOPLISTING +0 cloak (45 gold, have 29).
   337 | D:1      | 337 ||| SHOPLISTING +0 kite shield "Ibbip" {+Blink rC-
                  | Will+++} (395 gold, have 29).
   337 | D:1      | 337 ||| SHOPLISTING +2 cloak of poison resistance (185
                  | gold, have 29).
   338 | D:1      | Reached XP level 3. HP: 23/23 MP: 3/3
   519 | D:1      | 519 ||| READING scroll labelled HEOMEG CIUKIL.
   520 | D:1      | 520 ||| READING scroll labelled POOJUCA HEUKH.
   521 | D:1      | 521 ||| DRINKING 2 bubbling black potions.
   531 | D:1      | 531 ||| DROPPING potion of ambrosia.
   600 | D:2      | Noticed Jessica
   604 | D:2      | 604 ||| Stepping ~*~*~tactically~*~*~ (hiding).
   613 | D:2      | Killed Jessica
   614 | D:2      | Reached XP level 4. HP: 25/28 MP: 4/4
   683 | D:2      | Noticed Terence
   692 | D:2      | Killed Terence
   693 | D:2      | Reached skill level 4 in Axes
   719 | D:2      | 719 ||| Stepping ~*~*~tactically~*~*~ (stealth).
   741 | D:2      | 741 ||| Stepping ~*~*~tactically~*~*~ (stealth).
   800 | D:2      | Noticed Robin
   803 | D:2      | 803 ||| Stepping ~*~*~tactically~*~*~ (stealth).
   805 | D:2      | 805 ||| Stepping ~*~*~tactically~*~*~ (stealth).
   815 | D:2      | Reached XP level 5. HP: 29/32 MP: 5/5
   821 | D:2      | HP: 8/32 [Robin/+1 spear of freezing (1)]
   826 | D:2      | HP: 2/32 [Robin/+1 spear of freezing (5)]
   826 | D:2      | Slain by Robin

Levels and vault maps discovered:
D:1:      eino_arrival_tree_alley, layout_rooms, serial_shops, shop,
          kennysheep_crisscross, minmay_misc_feat_more_columns
D:2:      layout_basic, kennysheep_generic_room_10, uniq_terence, uniq_jessica,
          uniq_robin

Skill      XL: |  1  2  3  4 |
---------------+-------------+-----
Axes           | 2 3 4 |  4.6
Fighting       | |  3.2
Armour         | |  3.2
Shields        | |  3.2

Action                     |  1- 3 |  4- 6 || total
---------------------------+-------+-------++-------
  Melee: War axe           |    56 |    45 ||   101
    Use: Scroll            |     2 |       ||     2
         Potion            |     1 |       ||     1
 Armour: Scale mail        |    22 |    35 ||    57
  Dodge: Dodged            |    20 |    26 ||    46
  Block: Buckler           |     7 |    10 ||    17

Table legend:
 A = Non-vault XP
 B = Vault XP
 C = Vault XP percentage of total XP
 D = Non-vault monster count
 E = Vault monster count
 F = Vault count percentage of total count
                 A         B        C        D         E       F
            +---------+---------+-------+---------+---------+-------
      Total |      87 |      94 |  51.9 |      35 |      13 |  27.1
            +---------+---------+-------+---------+---------+-------
        D:1 |      42 |       0 |   0.0 |      24 |       0 |   0.0
        D:2 |      45 |      94 |  67.6 |      11 |      13 |  54.2
            +---------+---------+-------+---------+---------+-------
